[Event "German Bundesliga 2022-23"]
[Site "Germany"]
[Date "2022.10.23"]
[Round "1.9"]
[White "Vitiugov, Nikita"]
[Black "Cheparinov, Ivan"]
[Result "1-0"]
[ECO "D28"]
[WhiteElo "2722"]
[BlackElo "2689"]
[Annotator "TA"]
[PlyCount "69"]
[EventDate "2022.10.21"]
[EventType "team-tourn"]
[EventCountry "GER"]
[SourceTitle "playchess.com"]
[Source "ChessBase"]
[SourceQuality "1"]
[TimeControl "40/6000+30:3000+30"]

1. d4 d5 2. c4 dxc4 3. Nf3 Nf6 4. e3 e6 5. Bxc4 c5 6. O-O Nc6 7. Qe2 a6 8. Rd1 b5 9. dxc5 Qc7 10. Bd3 Nb4 {[%emt 0:00:30] now scores much better than the old 10...Bxc5.} 11. a4 {[%emt 0:00:30] D28: Queen's Gambit Accepted: Classical main line: 7 Qe2 with early ...Nc6.} Nxd3 12. Qxd3 b4 13. b3 {[%emt 0:00:30][%cal Oc5c6] [#] The position is equal.} a5 $146 ({Predecessor:} 13... Bxc5 14. Nbd2 O-O 15. Bb2 Rd8 16. Qc4 Bb7 17. Bxf6 gxf6 18. Ne4 Bxe4 19. Qxe4 Be7 {½-½ (27) Fremmegaard,J (2151)-Clark,R (2125) ICCF email 2017}) 14. c6 Be7 15. Bb2 Qxc6 16. Ne5 Qc7 17. Qb5+ (17. Rc1 Qd6 $14) 17... Kf8 {[%emt 0:00:30] [#]} 18. Rc1 $1 Qd8 19. Nc6 {[%emt 0:00:30] White has more active pieces. The black rooks are badly placed.} Bd7 20. Nxd8 Bxb5 21. Nxe6+ (21. axb5 $16 Bxd8 22. Nd2) 21... fxe6 $14 22. axb5 {[%emt 0:00:30][%cal Ba4b5,Bb5b6][%mdl 32] Black must now prevent Nd2.} Kf7 23. Be5 ({White should try} 23. Nd2 $16 {Strongly threatening b6.} Rhb8 24. Rc7) 23... Rhd8 {[%emt 0:00:30] [#]} (23... Nd7 $11 24. Bc7 Rhc8) 24. Bc7 $1 $36 {[%emt 0:00:30][%csl LRa5,LRd8][%mdl 2048] White has strong initiative.} Rac8 25. b6 {[%emt 0:00:30][%cal Ob1d2] White is clearly better.} Nd5 26. Nd2 ({Not} 26. Rxa5 $2 Nxb6 27. Kf1 Nd5 $19) 26... Nxc7 27. Rxc7 Rxc7 28. bxc7 $18 {[%emt 0:00:30][%mdl 4096] Endgame KRB-KRN} Rc8 29. Rxa5 ({Don't play} 29. Rc1 $6 Ke8 $16) 29... Rxc7 30. Nc4 Bf6 31. Kf1 Bc3 32. Ke2 Ke7 33. g4 Rd7 34. f4 Kf6 35. Ra6 {[%emt 0:00:30] Weighted Error Value: White=0.11 (very precise) /Black=0.17 (very precise)} 1-0

[Event "German Bundesliga 2022-23"]
[Site "Germany"]
[Date "2022.10.22"]
[Round "1.9"]
[White "Ivanchuk, Vasyl"]
[Black "Narayanan.S.L"]
[Result "1/2-1/2"]
[ECO "C89"]
[WhiteElo "2678"]
[BlackElo "2663"]
[Annotator "TA"]
[PlyCount "63"]
[EventDate "2022.10.21"]
[EventType "team-tourn"]
[EventCountry "GER"]
[SourceTitle "playchess.com"]
[Source "ChessBase"]
[SourceQuality "1"]
[TimeControl "40/6000+30:3000+30"]

1. e4 e5 2. Nf3 Nc6 3. Bb5 a6 4. Ba4 Nf6 5. O-O Be7 6. Re1 b5 7. Bb3 O-O 8. c3 d5 9. exd5 Nxd5 10. Nxe5 Nxe5 11. Rxe5 c6 12. Re1 Bd6 13. d4 Qh4 14. g3 Qh3 15. Be3 Bg4 16. Qd3 Rae8 17. Nd2 Re6 18. Qf1 Qh5 $1 {[%emt 0:00:03] C89: Closed Ruy Lopez: Marshall Attack.} 19. f3 Rxe3 20. fxg4 Qxg4 {[%emt 0:00:17][%cal Od6g3] White has an edge.} 21. Rxe3 Nxe3 22. Qf2 Nd5 23. Qf3 Qxf3 24. Nxf3 Rb8 25. Re1 Kf8 {[%emt 0:20:35] [#]} 26. Kf2 $146 ({Predecessor:} 26. Ng5 h6 27. Ne4 Be7 28. Kf2 Nf6 29. Nxf6 {½-½ (29) Lovakovic,F (2444)-Simmelink,J (2469) LSS email 2017}) 26... Nf6 {[%emt 0:08:25] The position is equal.} 27. Ng5 Rb7 28. Kf3 h6 29. Ne4 Re7 30. Re2 Nxe4 31. Rxe4 Rxe4 32. Kxe4 {[%emt 0:00:23] An even fight not without its subleties.  Weighted Error Value: White=0.04 (flawless) /Black=0.01 (flawless)} 1/2-1/2

[Event "German Bundesliga 2022-23"]
[Site "Germany"]
[Date "2022.10.22"]
[Round "1.9"]
[White "Nisipeanu, Liviu-Dieter"]
[Black "Moussard, Jules"]
[Result "1/2-1/2"]
[ECO "D35"]
[WhiteElo "2615"]
[BlackElo "2686"]
[Annotator "TA"]
[PlyCount "59"]
[EventDate "2022.10.21"]
[EventType "team-tourn"]
[EventCountry "GER"]
[SourceTitle "playchess.com"]
[Source "ChessBase"]
[SourceQuality "1"]
[TimeControl "40/6000+30:3000+30"]

1. d4 Nf6 2. c4 e6 3. Nc3 d5 4. cxd5 exd5 5. Bg5 c6 6. e3 h6 7. Bh4 Be7 8. Bd3 O-O 9. Nge2 $1 {[%emt 0:00:07][%mdl 4] is currently scoring better than 9.Qc2. D35: Queen's Gambit Declined: Exchange Variation.} Ne8 (9... Ne4 $5 10. Bxe7 Qxe7 $11) 10. Bg3 Nd6 11. O-O {[%emt 0:05:28] White is slightly better.} Re8 12. Qc2 Bf8 {[%emt 0:01:10] [#]} 13. Rad1 $146 ({Predecessor:} 13. Rae1 a5 14. Nc1 Na6 15. a3 Be6 16. Nb3 Nc4 17. Ne2 a4 18. Bxc4 dxc4 19. Nd2 {1-0 (40) Bogner,S (2573)-Fressinet,L (2630) Germany 2022}) 13... a5 14. a3 Nd7 15. h3 Nf6 16. Be5 Nfe4 17. Bxe4 dxe4 18. Ng3 f5 19. Nce2 (19. f3 $5 ) 19... Nf7 {[%emt 0:08:54] The position is equal.} 20. f3 exf3 21. Rxf3 Nxe5 22. dxe5 Qe7 23. Nxf5 Qxe5 24. Neg3 {[%emt 0:05:33][%cal Of5h6] [#] Nxh6+! is the strong threat.} Bxf5 25. Nxf5 Rad8 {[%emt 0:02:55] Prevents Rd7.} 26. Rdf1 Rd7 27. Qc4+ Kh7 (27... Qd5 28. Qg4 Kh7 29. Nh4 $16 (29. Rg3 Qe6 $11)) 28. Qc2 {[%emt 0:01:11] Threatening mate with Ne7+.} Kg8 29. Qc4+ Kh7 ({Much less strong is} 29... Qd5 30. Qg4 Kh7 {[#]} 31. Nxh6 $1 $14 (31. Rg3 Qe6 $11)) 30. Qc2 {[%emt 0:00:04] Weighted Error Value: White=0.06 (flawless) /Black=0.03 (flawless)} 1/2-1/2

[Event "German Bundesliga 2022-23"]
[Site "Germany"]
[Date "2022.10.22"]
[Round "1.10"]
[White "Bluebaum, Matthias"]
[Black "Bartel, Mateusz"]
[Result "1/2-1/2"]
[ECO "A22"]
[WhiteElo "2647"]
[BlackElo "2630"]
[Annotator "TA"]
[PlyCount "54"]
[EventDate "2022.10.21"]
[EventType "team-tourn"]
[EventCountry "GER"]
[SourceTitle "playchess.com"]
[Source "ChessBase"]
[SourceQuality "1"]
[TimeControl "40/6000+30:3000+30"]

1. c4 e5 2. Nc3 Nf6 3. Nf3 e4 4. Ng5 c6 5. Ngxe4 Nxe4 6. Nxe4 {[%emt 0:00:03] A22: English Opening: 1...e5 2 Nc3 Nf6.} d5 7. cxd5 cxd5 {[%emt 0:00:08] [#]} 8. Ng3 {[%emt 0:00:07] White is better.} ({Don't go for} 8. Qa4+ $2 Bd7 9. Qd4 dxe4 10. Qxe4+ Be7 $19) 8... h5 {[%emt 0:00:16] Strongly threatening ...h4.} 9. e3 h4 {[%emt 0:00:11] [#]} 10. Ne2 Nc6 11. d4 Bf5 {[%emt 0:15:55] [#] And now ...Nb4 would win.} 12. Nc3 $146 ({Predecessor:} 12. Bd2 h3 13. Qb3 Qd7 14. Nf4 Bd6 15. Nxh3 O-O 16. Bd3 Bxh3 17. gxh3 Rac8 18. Qxd5 {½-½ (41) Ding,L (2806)-Tari,A (2654) chess24.com INT 2022}) 12... Bb4 13. Bd2 Qd7 14. a3 Bxc3 15. Bxc3 Kf8 16. Qd2 (16. Be2 $16) 16... Rh6 $14 17. Bb5 h3 18. gxh3 ({White should try} 18. g3 $14) 18... Be4 $11 {[%emt 0:00:54] The position is equal.} 19. Rg1 Rxh3 20. Bd3 Qf5 21. Bxe4 Qxe4 22. O-O-O Rc8 23. Rdf1 Rxh2 24. f3 Qh7 25. Rg2 Rxg2 26. Qxg2 {[%emt 0:00:02] Rh1 is the strong threat.} Qd3 {[%emt 0:00:11] White must now prevent ...Na5.} 27. Re1 Re8 {[%emt 0:01:00] Weighted Error Value: White=0.12 (very precise) /Black=0.08 (flawless)} 1/2-1/2

[Event "German Bundesliga 2022-23"]
[Site "Germany"]
[Date "2022.10.23"]
[Round "1.10"]
[White "Bjerre, Jonas Buhl"]
[Black "Keymer, Vincent"]
[Result "1/2-1/2"]
[ECO "B11"]
[WhiteElo "2612"]
[BlackElo "2700"]
[Annotator "ChessBase"]
[PlyCount "128"]
[EventDate "2022.10.21"]
[EventType "team-tourn"]
[EventCountry "GER"]
[SourceTitle "playchess.com"]
[Source "ChessBase"]
[SourceQuality "1"]
[TimeControl "40/6000+30:3000+30"]

1. e4 c6 2. Nf3 d5 3. Nc3 dxe4 4. Nxe4 Nf6 5. Qe2 Nxe4 6. Qxe4 Nd7 7. d4 Nf6 8. Qd3 g6 9. Be2 Bg7 10. O-O O-O 11. Re1 a5 12. a4 Qb6 13. c3 Bf5 14. Qd1 Bg4 15. Ne5 Bxe2 16. Qxe2 Rad8 17. Bf4 Nh5 18. Bg5 Qc7 19. Ng4 Rfe8 20. Qf3 Rd5 21. h4 Rf5 22. Qe4 Rd5 23. Qf3 Rf5 24. Qd1 Rd5 25. Ne3 Rd7 26. Nf5 gxf5 27. Qxh5 Qd6 28. Rad1 Qg6 29. Qe2 h6 30. Bc1 Qg4 31. Qc2 Rd6 32. Rd3 f4 33. Qd1 Rg6 34. Qxg4 Rxg4 35. Rh3 f3 36. Rxf3 Rxh4 37. Rf5 b6 38. f3 e6 39. g3 Rc8 40. Rxf7 Kxf7 41. gxh4 b5 42. Bf4 bxa4 43. Ra1 c5 44. dxc5 Rxc5 45. Rxa4 Rb5 46. Ra2 h5 47. Kf2 Bf6 48. Kg3 Bd8 49. Bc1 Rd5 50. Ra4 Rd1 51. Bg5 Bb6 52. Ra3 Rg1+ 53. Kh2 Rb1 54. Rb3 Bg1+ 55. Kg2 a4 56. Ra3 Bc5 57. Ra2 e5 58. Rxa4 Rxb2+ 59. Kg3 Rc2 60. Rc4 Bd6 61. f4 Ke6 62. fxe5 Bxe5+ 63. Kf3 Kf5 64. Rc5 Rxc3+ 1/2-1/2

[Event "German Bundesliga 2022-23"]
[Site "Germany"]
[Date "2022.10.22"]
[Round "1.10"]
[White "Sedlak, Nikola"]
[Black "Plat, Vojtech"]
[Result "1/2-1/2"]
[ECO "D02"]
[WhiteElo "2472"]
[BlackElo "2546"]
[Annotator "TA"]
[PlyCount "42"]
[EventDate "2022.10.21"]
[EventType "team-tourn"]
[EventCountry "GER"]
[SourceTitle "playchess.com"]
[Source "ChessBase"]
[SourceQuality "1"]
[TimeControl "40/6000+30:3000+30"]

1. Nf3 g6 2. g3 Bg7 3. d4 Nf6 4. Bg2 O-O 5. O-O d5 6. c3 Bf5 7. Nbd2 c6 8. Re1 {[%emt 0:01:02] D02: 1 d4 d5 2 Nf3 sidelines, including 2...Nf6 3 g3 and 2...Nf6 3 Bf4.} Qc8 9. Nh4 Bh3 {[%emt 0:01:46] The position is equal.} 10. e4 (10. Bxh3 {feels hotter.} Qxh3 11. e4 dxe4 12. Nxe4 Nxe4 13. Rxe4 e6 14. Qe2) 10... Bxg2 11. Nxg2 dxe4 12. Nxe4 {[%emt 0:00:09] [#]} Nxe4 $146 ({Predecessor:} 12... Na6 13. Nxf6+ Bxf6 14. Bh6 Rd8 15. Qf3 Qh3 16. Bf4 Rd7 17. Be5 Bxe5 18. Rxe5 Nc7 {1-0 (45) Aggelis,N (2271)-Klein,D (2135) Herceg Novi 2008}) 13. Rxe4 e6 14. Bg5 Nd7 15. Qd2 Re8 16. Rae1 Nf6 17. Bxf6 Bxf6 18. Nf4 Qd7 19. Nd3 Rad8 20. Qe2 Bg7 21. h4 b6 {[%emt 0:01:52] An uneventful encounter.  Weighted Error Value: White=0.04 (flawless) /Black=0.03 (flawless)} 1/2-1/2

[Event "German Bundesliga 2022-23"]
[Site "Germany"]
[Date "2022.10.23"]
[Round "1.11"]
[White "Adams, Michael"]
[Black "Yuffa, Daniil"]
[Result "1/2-1/2"]
[ECO "B51"]
[WhiteElo "2689"]
[BlackElo "2601"]
[Annotator "ChessBase"]
[PlyCount "83"]
[EventDate "2022.10.21"]
[EventType "team-tourn"]
[EventCountry "GER"]
[SourceTitle "playchess.com"]
[Source "ChessBase"]
[SourceQuality "1"]
[TimeControl "40/6000+30:3000+30"]

1. e4 c5 2. Nf3 d6 3. Bb5+ Nd7 4. a4 Ngf6 5. Nc3 a6 6. Be2 b6 7. d4 cxd4 8. Qxd4 Bb7 9. O-O e5 10. Qe3 Be7 11. Rd1 Qc7 12. b3 Nc5 13. Nd2 O-O 14. Ba3 Rad8 15. Bc4 Ne6 16. Rac1 Nf4 17. Qe1 Rfe8 18. Qf1 Qc8 19. f3 d5 20. Bxe7 Rxe7 21. exd5 Bxd5 22. Nde4 Nxe4 23. Nxe4 a5 24. g3 Bxc4 25. Qxc4 Rc7 26. Rxd8+ Qxd8 27. Qf1 Qd4+ 28. Kh1 Ne6 29. c3 Qd5 30. Qb5 Qxb5 31. axb5 f5 32. Nd6 Nd4 33. b4 a4 34. c4 Nb3 35. Rc2 Rd7 36. c5 bxc5 37. bxc5 Nxc5 38. Rxc5 Rxd6 39. Rxe5 a3 40. Re8+ Kf7 41. Ra8 Rb6 42. Ra5 1/2-1/2

[Event "German Bundesliga 2022-23"]
[Site "Germany"]
[Date "2022.10.22"]
[Round "1.11"]
[White "Michalik, Peter"]
[Black "Heimann, Andreas"]
[Result "1/2-1/2"]
[WhiteElo "2558"]
[BlackElo "2573"]
[Annotator "TA"]
[PlyCount "17"]
[EventDate "2022.10.21"]
[EventType "team-tourn"]
[EventCountry "GER"]
[SourceTitle "playchess.com"]
[Source "ChessBase"]
[SourceQuality "1"]
[TimeControl "40/6000+30:3000+30"]

1. e4 e5 2. Nf3 Nc6 3. Bb5 Nf6 4. O-O Nxe4 5. d4 Nd6 6. Bxc6 dxc6 7. dxe5 Nf5 {[%emt 0:00:04] [#]} 8. Qd4 $146 {[%emt 0:00:07][%mdl 8192] [#] C67: Ruy Lopez: Berlin Defence: 4 0-0 Nxe4.} ({Predecessor:} 8. Qxd8+ Kxd8 9. Nc3 Ke8 10. h3 h5 11. Bf4 Be7 12. Rad1 Nh4 13. Nd4 Nf5 14. Nce2 g5 15. Bh2 Rh6 16. Rfe1 Rg6 17. Nxf5 Bxf5 18. Nd4 {½-½ (43) Vachier Lagrave,M (2757)-So,W (2771) Saint Louis 2022}) 8... Qd6 $4 (8... Nxd4 $19 {avoids the disaster.} 9. Nxd4 Qxd4) 9. Qxd6 $2 ({Only move:} 9. exd6 $18 Nxd4 10. Nxd4) 1/2-1/2

[Event "German Bundesliga 2022-23"]
[Site "Germany"]
[Date "2022.10.22"]
[Round "1.11"]
[White "Pavlidis, Antonios"]
[Black "Delchev, Aleksander"]
[Result "1/2-1/2"]
[ECO "C77"]
[WhiteElo "2550"]
[BlackElo "2503"]
[Annotator "TA"]
[PlyCount "73"]
[EventDate "2022.10.21"]
[EventType "team-tourn"]
[EventCountry "GER"]
[SourceTitle "playchess.com"]
[Source "ChessBase"]
[SourceQuality "1"]
[TimeControl "40/6000+30:3000+30"]

1. e4 e5 2. Nf3 Nc6 3. Bb5 a6 4. Ba4 Nf6 5. O-O Be7 6. d3 b5 7. Bb3 d6 8. a3 O-O 9. Nc3 Na5 {[%emt 0:00:06] C77: Ruy Lopez: 3...a6 4 Ba4 Nf6, unusual lines.} 10. Ba2 Be6 11. b4 Bxa2 12. Nxa2 Nc6 13. c4 Nd4 14. Nc3 c6 15. Be3 Nxf3+ 16. Qxf3 Qc8 17. h3 Qe6 18. Rfc1 {[%emt 0:00:12] [#]} Rab8 $146 ({Predecessor:} 18... h6 19. a4 a5 20. axb5 axb4 21. Na4 cxb5 22. cxb5 Qb3 23. Qd1 Qxd1+ 24. Rxd1 Rfb8 {½-½ (37) Balogh,C (2593)-Ragger,M (2674) Austria 2020}) 19. Rab1 Rb7 20. cxb5 axb5 21. a4 bxa4 22. Nxa4 d5 23. Nc5 Bxc5 24. Bxc5 Rfb8 25. Ra1 dxe4 (25... Nd7 $11) 26. dxe4 $14 Nd7 27. Ra6 h6 28. Kh2 Nxc5 {[%emt 0:00:46] The position is equal.} 29. Rxc5 Rb6 30. Rxb6 Rxb6 $11 {[%emt 0:01:04][%cal Bb8b6,Bb6a6,Ba6a1][%mdl 4128] Endgame KQR-KQR} 31. Qc3 Qd6 32. Rc4 Kh7 33. g3 Ra6 34. Kg2 Qd1 {[%emt 0:01:39] [#] White must now prevent ...Ra1.} 35. Qxe5 {[%emt 0:00:30] aiming for Qf5+.} Ra1 36. Qf5+ Kg8 37. Qc8+ {[%emt 0:00:07] Weighted Error Value: White=0.04 (flawless) /Black=0.06 (flawless)} 1/2-1/2

[Event "German Bundesliga 2022-23"]
[Site "Germany"]
[Date "2022.10.22"]
[Round "1.12"]
[White "Kozul, Zdenko"]
[Black "Vogel, Roven"]
[Result "1-0"]
[ECO "D30"]
[WhiteElo "2549"]
[BlackElo "2463"]
[Annotator "RC"]
[PlyCount "119"]
[EventDate "2022.10.21"]
[EventType "team-tourn"]
[EventCountry "GER"]
[SourceTitle "playchess.com"]
[Source "ChessBase"]
[SourceQuality "1"]
[TimeControl "40/6000+30:3000+30"]

1. d4 d5 2. c4 c6 3. Nf3 Nf6 4. e3 e6 5. Bd3 b6 6. O-O Bb7 7. Nc3 Nbd7 8. b3 Bd6 9. Bb2 O-O 10. Re1 Qe7 11. Qb1 c5 12. cxd5 exd5 13. e4 dxe4 14. Nxe4 Nxe4 15. Bxe4 Bxe4 16. Rxe4 Qd8 17. Rh4 g6 18. Qc1 Qe7 19. dxc5 Bxc5 20. Qc3 f6 21. b4 Bd6 22. Qb3+ Rf7 23. Rd4 Ne5 24. Rad1 Rd8 25. Nxe5 fxe5 26. Rd5 Bc7 27. Rxd8+ Bxd8 28. b5 Bc7 29. Qd5 Qc5 30. Qxc5 bxc5 31. Kf1 c4 32. Rc1 Bb6 33. f3 Rc7 34. Bxe5 Rc5 35. f4 Rxb5 36. Rxc4 Rb1+ 37. Ke2 Kf7 38. Rc2 Rg1 39. Kf3 Rf1+ 40. Kg4 h5+ 41. Kg5 Rf2 42. Rxf2 Bxf2 43. f5 gxf5 44. Kxf5 Bh4 45. h3 Bd8 46. Bf4 Bf6 47. Bg5 Bd4 48. Ke4 Bc3 49. Be3 a6 50. Kd5 Be1 51. a4 Kf6 52. Kc6 h4 53. Kb6 a5 54. Kb5 Kf5 55. Bb6 Kf4 56. Bxa5 Bxa5 57. Kxa5 Kg3 58. Kb5 Kxg2 59. a5 Kxh3 60. a6 1-0

[Event "German Bundesliga 2022-23"]
[Site "Germany"]
[Date "2022.10.22"]
[Round "1.12"]
[White "Stojanovic, Dalibor"]
[Black "Burg, Twan"]
[Result "0-1"]
[ECO "C42"]
[WhiteElo "2472"]
[BlackElo "2511"]
[Annotator "TA"]
[PlyCount "124"]
[EventDate "2022.10.21"]
[EventType "team-tourn"]
[EventCountry "GER"]
[SourceTitle "playchess.com"]
[Source "ChessBase"]
[SourceQuality "1"]
[TimeControl "40/6000+30:3000+30"]

1. e4 e5 2. Nf3 Nf6 3. Nxe5 d6 4. Nf3 Nxe4 5. Nc3 Nxc3 6. dxc3 Be7 7. Be3 O-O 8. Qd2 {[%emt 0:01:53] C42: Petroff Defence: 3 Nxe5 and unusual White 3rd moves.} Nd7 9. O-O-O Nf6 10. Kb1 {[%emt 0:02:11] The position is equal.} c5 11. Bd3 b5 12. Bg5 Be6 {[%emt 0:08:20] [#]} (12... c4 $5 13. Bxf6 Bxf6 $14) 13. h3 $146 ({Predecessor:} 13. Bxf6 Bxf6 14. Be4 b4 15. c4 Rb8 16. Qd3 h6 17. Rhe1 Rb6 18. Bf5 Ra6 19. Bxe6 fxe6 20. Rxe6 {½-½ (48) Tukhaev,A (2527)-Sanal,V (2490) St Petersburg 2018}) 13... Rb8 14. Bxf6 $2 (14. Rhe1 $15) 14... Bxf6 $19 15. Be4 $2 (15. Rhe1 {was necessary.}) 15... b4 $2 (15... Qa5 $19 {has better winning chances.} 16. Bd5 b4) 16. c4 $17 Bxc4 {[%emt 0:01:48][%cal Of6c3] A strong pair of Bishops.} 17. Bd5 (17. b3 Be6 18. Bd5 Bxd5 19. Qxd5 Qa5 $19) 17... Bxd5 18. Qxd5 Rb6 19. g4 Qa8 (19... g6 $5 ) 20. g5 Qxd5 21. Rxd5 Be7 22. Nd2 f6 23. Nc4 Rb7 (23... fxg5 $6 24. Nxb6 axb6 25. Rf1 $11) 24. f4 $1 Rd7 25. Rhd1 g6 26. b3 fxg5 27. fxg5 Rf5 28. Rxf5 gxf5 $15 {[%emt 0:00:05][%mdl 4096] Endgame KRB-KRN} 29. h4 Kg7 (29... f4 $5 ) 30. Ne3 (30. Rd5 $15) 30... Kg6 $17 {[%emt 0:03:52] White is on the road to losing.} ({Don't play} 30... f4 $6 31. Nd5 $11) 31. Rf1 {[%emt 0:00:52] [#]} Bf8 $1 32. Rxf5 Bg7 33. Rf3 (33. Rf1 $17 {keeps fighting.}) 33... Re7 $19 34. Kc1 (34. a3 $142) 34... Re4 35. Ng2 (35. Nf5 {is a better defense.} Bc3 36. Rf1) 35... Be5 36. Kd2 Rg4 37. Rf2 Kh5 38. Re2 Rd4+ 39. Ke3 {[%emt 0:00:10] [#]} Kg4 40. Rf2 Kh3 $2 (40... Kg3 $19 {and Black stays clearly on top. Strongly threatening ...d5.} 41. h5 Rd5) 41. Ne1 (41. h5 $17) 41... Bg3 ({And not} 41... Kxh4 42. Nf3+ Kh5 43. Nxe5 dxe5 44. Rf7 $11) ({Not} 41... Rxh4 42. Rf7) 42. Re2 (42. Rf3 $142) 42... Rxh4 43. Nf3 Rf4 44. Ng1+ Kh4 45. Rg2 {[%emt 0:00:26] Black must now prevent Ne2.} Rg4 {[%emt 0:02:45] And now ...Bf4+ would win.} 46. Nf3+ Kh3 47. Re2 Bf4+ 48. Ke4 Kg3 49. Nh2 Rxg5 {[%emt 0:03:05] ...Re5+ is the strong threat.} 50. Nf1+ Kg4 51. Rg2+ Kh5 52. Rf2 Be5 53. Rf7 (53. Rf8 $142) 53... Kg6 54. Rxa7 h5 55. a4 bxa3 56. Rxa3 h4 {[%emt 0:00:28] Hoping for ...Rg1.} 57. Ra8 Kh5 58. Ra7 d5+ 59. Kf3 Rf5+ {[%emt 0:01:15] Black is clearly winning.} 60. Ke2 d4 {[%emt 0:01:55] Inhibits Ne3.} 61. Rh7+ Kg4 62. c3 (62. Rd7 $142) 62... d3+ {[%emt 0:00:10] Weighted Error Value: White=0.47/Black=0.18 (very precise)} 0-1

[Event "German Bundesliga 2022-23"]
[Site "Germany"]
[Date "2022.10.23"]
[Round "1.13"]
[White "Kasimdzhanov, Rustam"]
[Black "Teclaf, Pawel"]
[Result "1-0"]
[ECO "C10"]
[WhiteElo "2670"]
[BlackElo "2551"]
[Annotator "ChessBase"]
[PlyCount "20"]
[EventDate "2022.10.21"]
[EventType "team-tourn"]
[EventCountry "GER"]
[SourceTitle "playchess.com"]
[Source "ChessBase"]
[SourceQuality "1"]
[TimeControl "40/6000+30:3000+30"]

1. e4 e6 2. d4 d5 3. Nc3 Nf6 4. Bg5 dxe4 5. Nxe4 Nbd7 6. Nxf6+ Nxf6 7. Nf3 h6 8. Bh4 c5 9. Bc4 cxd4 10. O-O Be7 1-0

[Event "German Bundesliga 2022-23"]
[Site "Germany"]
[Date "2022.10.22"]
[Round "1.13"]
[White "Maiwald, Jens-Uwe"]
[Black "Dautov, Rustem"]
[Result "1/2-1/2"]
[ECO "B21"]
[WhiteElo "2441"]
[BlackElo "2592"]
[Annotator "TA"]
[PlyCount "50"]
[EventDate "2022.10.21"]
[EventType "team-tourn"]
[EventCountry "GER"]
[SourceTitle "playchess.com"]
[Source "ChessBase"]
[SourceQuality "1"]
[TimeControl "40/6000+30:3000+30"]

1. e4 c5 2. Nc3 e6 3. f4 d5 4. Nf3 dxe4 5. Nxe4 Nc6 6. Bb5 Bd7 7. Qe2 {[%emt 0:09:32][%cal Of4f5] B21: Sicilian: 2 f4 and Morra Gambit.} a6 8. Bxc6 Bxc6 9. Ne5 {[%emt 0:03:26] The position is equal.} Bxe4 10. Qxe4 Qd5 11. Qe2 Nf6 12. d3 Be7 13. O-O O-O 14. b3 Qd4+ 15. Be3 {[%emt 0:00:11] [#]} Qd6 $146 ({Predecessor:} 15... Qc3 16. Rac1 Nd5 17. Bd2 Qb2 18. Nc4 Qd4+ 19. Kh1 b5 20. c3 Qf6 21. Ne5 Nb6 {0-1 (54) Gruettner,R (2083)-Vedral,O (2268) Klatovy 2014}) 16. a4 b6 17. Kh1 Nd5 18. Bd2 Bf6 19. Rf3 g6 20. Rh3 Bg7 21. Re1 Ne7 22. Bc3 Nd5 23. Bd2 Ne7 24. Bc3 Nd5 25. Bd2 Ne7 {[%emt 0:00:39] Weighted Error Value: White=0.05 (flawless) /Black=0.09 (flawless)} 1/2-1/2

[Event "German Bundesliga 2022-23"]
[Site "Germany"]
[Date "2022.10.22"]
[Round "1.13"]
[White "Dgebuadze, Alexandre"]
[Black "Bogosavljevic, Boban"]
[Result "0-1"]
[ECO "B36"]
[WhiteElo "2430"]
[BlackElo "2533"]
[Annotator "TA"]
[PlyCount "130"]
[EventDate "2022.10.21"]
[EventType "team-tourn"]
[EventCountry "GER"]
[SourceTitle "playchess.com"]
[Source "ChessBase"]
[SourceQuality "1"]
[TimeControl "40/6000+30:3000+30"]

1. e4 c5 2. Nf3 Nc6 3. d4 cxd4 4. Nxd4 g6 5. c4 Nf6 6. Nc3 Nxd4 7. Qxd4 d6 8. Be2 Bg7 9. Be3 O-O 10. Qd2 a5 {[%emt 0:00:09][%cal Ba7a5,Ba5a4][%mdl 32] B36: Sicilian: Maroczy Bind: Gurgenidze System.} 11. O-O a4 12. Rab1 Qa5 {[%emt 0:14:09] White is slightly better.} 13. Rfd1 Be6 14. f3 Rfc8 15. b4 axb3 16. axb3 Nd7 {[%emt 0:03:38] [#]} 17. Nd5 $146 ({Predecessor:} 17. Nb5 Qxd2 18. Rxd2 Nc5 19. Bd4 Bxd4+ 20. Nxd4 Bd7 21. b4 Ne6 22. c5 {½-½ (22) Lenderman,A (2537)-Kudrin,S (2543) Philadelphia 2010}) 17... Bxd5 (17... Qxd2 {seems wilder.} 18. Rxd2 Bxd5 19. Rxd5 Ra2) 18. Qxa5 Rxa5 19. Rxd5 Rxd5 20. exd5 Ra8 21. b4 b6 {[%emt 0:07:33] Inhibits c5.} (21... Ra3 $5 22. Kf2 Nf6 $11) 22. f4 Ra3 23. Bf2 Bc3 24. Kf1 f5 25. g4 Nf6 26. c5 bxc5 27. bxc5 dxc5 {[%emt 0:01:46] With the idea ...Bd4.} (27... Nxd5 $2 28. Bc4 e6 29. Rb8+ (29. cxd6 Ra8 $16) 29... Kg7 30. Rb7+ (30. cxd6 Nxf4 31. Bg3 Ra1+ 32. Kf2 Nh3+ 33. Ke2 f4 $14) 30... Kf8 31. Bxd5 (31. cxd6 Ra8 $16) 31... Ra1+ 32. Kg2 exd5 33. c6 $18 (33. cxd6 Ra8 $18) (33. Rxh7 dxc5 34. Bxc5+ Kg8 $11)) 28. Bxc5 Ra4 29. gxf5 Rxf4+ 30. Kg2 gxf5 31. d6 exd6 32. Bxd6 Re4 33. Bf3 {[%emt 0:00:52] This bishop pair is nice.} Rd4 34. Rb8+ Kf7 35. Bc5 (35. Bg3 $11) 35... Rd2+ $17 36. Kf1 Rxh2 {[%emt 0:02:02] Black is more active.} 37. Rb7+ Kg6 38. Rb6 Rd2 39. Rd6 Rc2 40. Rc6 Be5 41. Be7 Rb2 42. Re6 Bd4 {[%emt 0:04:44] ...Rf2+ is the strong threat.} 43. Be2 Rb1+ 44. Kg2 Rg1+ 45. Kf3 h5 46. Bxf6 Bxf6 {[%emt 0:00:17][%mdl 4096] Endgame KRB-KRB} 47. Kf2 Rg5 48. Rd6 h4 $1 {[%emt 0:00:21] Threatens to win with ...h3.} 49. Bf1 Rg4 50. Bh3 Rg3 51. Bf1 Rb3 52. Bd3 Kg5 53. Rd5 Be5 $1 54. Ke2 $2 (54. Ke3) 54... Kf4 $19 55. Rb5 {[%emt 0:00:00] [#]} Rxd3 $1 56. Kxd3 {[%emt 0:00:00] KR-KB} h3 57. Rb6 h2 58. Rh6 Kf3 {[%emt 0:01:00] Black mates.} 59. Rh5 Bf4 60. Kd4 Bb8 61. Rxf5+ {[%emt 0:00:18] [#]} Kg4 $1 62. Rf1 {[#]} Ba7+ $1 63. Ke4 Bg1 64. Rf4+ Kg5 65. Rf5+ Kg6 {Weighted Error Value: White=0.43/Black=0.02 (flawless)} 0-1